 Dungeon Crawl Stone Soup version 0.22-a0-614-g34fbaa0 (webtiles) character file.

17 Kadinho the Covered (level 2, 0/27 HPs)
             Began as a Minotaur Fighter on July 11, 2018.
             Succumbed to a gnoll's poison
             ... on level 1 of the Dungeon.
             The game lasted 00:01:31 (178 turns).

Kadinho the Covered (Minotaur Fighter)               Turns: 178, Time: 00:01:32

Health: 0/27       AC:  7    Str: 20    XL:     2   Next: 44%
Magic:  1/1        EV:  7    Int:  5    God:
Gold:   29         SH:  9    Dex:  9    Spells: 1/1 levels left

rFire    . . .     SeeInvis .   a - +0 war axe
rCold    . . .     Gourm    .   c - +0 shield
rNeg     . . .     Faith    .   b - +0 scale mail
rPois    .         Spirit   .   (helmet restricted)
rElec    .         Reflect  .   (no cloak)
rCorr    .         Harm     .   (no gloves)
MR       .....                  (no boots)
Stlth    ..........             (no amulet)
HPRegen  0.09/turn              (no ring)
MPRegen  0.07/turn              (no ring)

@: lethally poisoned (0 -> -8)
A: retaliatory headbutt, horns 2
a: no special abilities


You were on level 1 of the Dungeon.
You were not hungry.

You visited 1 branch of the dungeon, and saw 1 of its levels.

You collected 29 gold pieces.

Inventory:

Hand Weapons
 a - a +0 war axe (weapon)
Armour
 b - a +0 scale mail (worn)
 c - a +0 shield (worn)
Potions
 d - a potion of might
 e - a potion of heal wounds {unknown}
Comestibles
 f - 2 rations
 g - a chunk of flesh {@w0}


   Skills:
 + Level 3.9 Fighting
 + Level 2.8 Axes
 + Level 3.9 Armour
 + Level 3.9 Shields


You had one spell level left.
You didn't know any spells.
Your spell library was empty.

Dungeon Overview and Level Annotations

Branches:
Dungeon (1/15)

Altars:


Innate Abilities, Weirdness & Mutations

You reflexively headbutt those who attack you in melee.
You have a pair of horns on your head.


Message History

No target in view!
No target in view!
You see here a bat corpse.
You butcher the bat corpse.
g - a chunk of flesh {@w0} An ooze comes into view.
The ooze quivers.
You hit the ooze. The ooze hits you.
You take 1 damage, and have 18/19 hp.
You hit the ooze. The ooze barely misses you. You block the ooze's attack.
Health restored: 19 You barely miss the ooze.
The ooze hits you but does no damage.
Your shield prevents you from hitting the ooze.
The ooze hits you but does no damage. x2
You slash the ooze!
You kill the ooze!
Health restored: 20 No target in view!
No target in view!
No target in view!
You now have 15 gold pieces.
e - a lumpy purple potion You now have 29 gold pieces (gained 14).
You open the door.
There is an open door here.
You open the door.
There is an open door here.
A gnoll comes into view. It is wielding a flail of venom.
The gnoll shouts!
You hear a shout!
A giant cockroach comes into view.
The gnoll moves out of view.
A giant cockroach is nearby!
A hobgoblin comes into view. It is wielding a club.
Found a scroll labeled VOIDEA YCHERCHI.
Found a stone staircase leading down.
You block the gnoll's attack.
The giant cockroach bites you but does no damage.
Your scale mail prevents you from hitting the giant cockroach.
The giant cockroach bites you but does no damage.
The giant cockroach barely misses you. You furiously retaliate!
You headbutt the giant cockroach!
You kill the giant cockroach!
The hobgoblin hits you but does no damage.
You block the gnoll's attack.
You see here a giant cockroach corpse.
Your shield and scale mail prevent you from hitting the gnoll.
You closely miss the hobgoblin. You block the hobgoblin's attack.
The gnoll closely misses you. You furiously retaliate!
You headbutt the gnoll. You barely miss the hobgoblin.
Your headbutt misses the hobgoblin.
The hobgoblin hits you but does no damage.
You closely miss the hobgoblin. Your headbutt misses the hobgoblin.
You block the hobgoblin's attack. x2
Your shield and scale mail prevent you from hitting the hobgoblin.
You kill the hobgoblin!
You have reached level 2!
The gnoll hits you but does no damage.
You are poisoned.
Health restored: 27; MP restored: 1 You barely miss the gnoll.
You feel sick. You block the gnoll's attack.
You take 1 damage, and have 26/27 hp.
You hit the gnoll.
You feel sick.
The gnoll hits you with a flail of venom!
You are more poisoned.
You take 8 damage, and have 18/27 hp.
MASSIVE DAMAGE!!
You barely miss the gnoll.
You headbutt the gnoll, but do no damage.
You feel sick. The gnoll closely misses you. You furiously retaliate!
You headbutt the gnoll, but do no damage.
The gnoll hits you with a flail of venom!
* * * LOW HITPOINT WARNING * * *
You take 11 damage, and have 7/27 hp.
MASSIVE DAMAGE!!
You hit the gnoll.
You kill the gnoll!
* * * LOW HITPOINT WARNING * * *
You feel sick.
You take 1 damage, and have 6/27 hp.
There is a lethal amount of poison in your body!
There is a lethal amount of poison in your body!
There is a lethal amount of poison in your body!
There is a lethal amount of poison in your body!
There is a lethal amount of poison in your body!
There is a lethal amount of poison in your body!
Okay, then.
* * * LOW HITPOINT WARNING * * *
You feel sick.
You take 1 damage, and have 5/27 hp.
* * * LOW HITPOINT WARNING * * *
You feel sick.
You take 1 damage, and have 4/27 hp.
* * * LOW HITPOINT WARNING * * *
You feel sick.
You take 1 damage, and have 3/27 hp.
* * * LOW HITPOINT WARNING * * *
You feel sick.
You take 1 damage, and have 2/27 hp.
* * * LOW HITPOINT WARNING * * *
You feel sick.
You take 1 damage, and have 1/27 hp.
You die...

.......... #
..........
#.#...>..?.#
#.#........#
#...........
#..........
#........#
##).# #@#.#
.### #.#.#
.... #.#.#
### #.#.#
#.. #.#.#
.#.# #.#.#
.... #.#.#
....
#.#+#####
##.#
#.#.....+ #


There were no monsters in sight!

Vanquished Creatures
  A gnoll (D:1)
  An ooze (D:1)
  A giant cockroach (D:1)
  A hobgoblin (D:1)
  A bat (D:1)
5 creatures vanquished.

Notes
Turn   | Place    | Note
-------+----------+-------------------------------------------
     0 | D:1      | Kadinho the Minotaur Fighter began the quest for the Orb.
     0 | D:1      | Reached XP level 1. HP: 19/19 MP: 0/0
   166 | D:1      | Reached XP level 2. HP: 27/27 MP: 1/1
   170 | D:1      | HP: 6/27 [poisoned by a gnoll]
   175 | D:1      | HP: 2/27 [poisoned by a gnoll]
   178 | D:1      | Succumbed to a gnoll's poison

Vault maps used:
D:1:      lightli_arrival_statuegarden, minmay_misc_feat_encased, st_stairs_5

Action                   || total
-------------------------++-------
Melee: War axe           ||    15
       Headbutt          ||     2
Armor: Scale mail        ||     9
Dodge: Dodged            ||     4
Block: Shield            ||    10

Table legend:
 A = Spawn XP
 B = Non-spawn XP
 C = Spawn XP percentage of total XP
 D = Spawn monster count
 E = Non-spawn monster count
 F = Spawn count percentage of total count
 G = Total turns spent on level
                    A         B        C        D         E        F      G
               +---------+---------+-------+---------+---------+-------+---------
         Total |       0 |      25 |   0.0 |       0 |       5 |   0.0 |   178
               +---------+---------+-------+---------+---------+-------+---------
           D:1 |       0 |      25 |   0.0 |       0 |       5 |   0.0 |   178
               +---------+---------+-------+---------+---------+-------+---------

Vault maps used:
D:1:      lightli_arrival_statuegarden, minmay_misc_feat_encased, st_stairs_5

Table legend:
 A = Turns spent in this place as a percentage of turns spent in the entire game.
 B = Non-inter-level travel turns spent in this place as a percentage of non-inter-level travel turns spent in the entire game.
 C = Inter-level travel turns spent in this place as a percentage of turns spent in this place.
 D = Turns resting spent in this place as a percentage of non-inter-level travel turns spent in this place.
 E = Turns spent auto-exploring this place as a percentage of non-inter-level travel turns spent in this place.
 F = Non-inter-level travel turns spent in this place divided by the number of levels of this place that you've seen.
                   A       B       C       D       E      F
               +-------+-------+-------+-------+-------+----------------------
         Total | 100.0 | 100.0 |   0.0 |   0.0 |  78.7 | 178.0
       Dungeon | 100.0 | 100.0 |   0.0 |   0.0 |  78.7 | 178.0
               +-------+-------+-------+-------+-------+----------------------

Table legend:
 A = Kills in this place as a percentage of kills in entire the game.
 B = Kills by you in this place as a percentage of kills by you in the entire game.
 C = Kills by friends in this place as a percentage of kills by friends in the entire game.
 D = Other kills in this place as a percentage of other kills in the entire game.
 E = Experience gained in this place as a percentage of experience gained in the entire game.
 F = Experience gained in this place divided by the number of levels of this place that you have seen.
                   A       B       C       D       E      F
               +-------+-------+-------+-------+-------+----------------------
         Total | 100.0 | 100.0 |   N/A |   N/A | 100.0 |  25.0
       Dungeon | 100.0 | 100.0 |   N/A |   N/A | 100.0 |  25.0
               +-------+-------+-------+-------+-------+----------------------
